AoeStats
← mauriken1202

Black Forest

504424705Analyzed
1v1 RM · 28d ago on Sep 5, 2026· 43m 23s· 2 players
Game mode
Random Map
Map size
Tiny (2 player)
Population
200
Speed
Normal
Resources
Standard
Victory
Conquest
Starting age
Dark Age
Ending age
Imperial Age
RankedLock teamsTeams togetherTeam positionsShared explorationLock speedFull tech treeHidden civsTurbo modeCheats
Victory
Defeat
🇲🇽 Gurjaras · Mexico
1637
+16
🇫🇷 Huns · France
1634
-16
Etzwane1982
0:56 Loom
12:53 Feudal Age
16:42 Castle Age
15:43 Double-Bit Axe
17:40 Bow Saw
18:25 Fishing Lines
19:39 Fishing Lines
22:12 Wheelbarrow
21:37 Gillnets
22:10 Horse Collar
25:49 Fletching
26:00 Padded Archer Armor
25:49 Town Watch
26:32 Hand Cart
28:58 Imperial Age
27:24 Bodkin Arrow
27:32 Gold Mining
27:34 Stone Mining
28:25 Scale Barding Armor
30:43 Two-Man Saw
29:44 Heavy Plow
30:20 Gold Shaft Mining
30:01 Husbandry
30:14 Bloodlines
30:17 Bracer
31:35 Conscription
31:09 Cavalier
32:36 Masonry
33:27 Chemistry
32:39 Masonry
32:57 Paladin
34:00 Heavy Cavalry Archer
35:47 Conscription
36:26 Parthian Tactics
36:07 Thumb Ring
36:21 Forging
36:48 Ballistics
37:30 Chain Barding Armor
38:01 Elite Skirmisher
39:17 Atheism
40:13 Plate Barding Armor
40:41 Iron Casting
40:22 Capped Ram
mauriken1202
0:56 Loom
12:17 Feudal Age
12:58 Double-Bit Axe
15:49 Castle Age
13:31 Fishing Lines
16:53 Bow Saw
18:17 Wheelbarrow
17:28 Town Watch
18:37 Horse Collar
18:55 Gillnets
23:11 Wheelbarrow
24:12 Horse Collar
24:48 Hand Cart
24:20 Town Watch
25:22 Gold Mining
25:45 Heavy Plow
30:39 Imperial Age
28:40 Town Patrol
28:45 Padded Archer Armor
28:36 Fletching
28:52 Scale Barding Armor
28:58 Forging
29:33 Gold Shaft Mining
28:48 Stone Mining
29:54 Ballistics
29:45 Masonry
30:29 Bodkin Arrow
30:50 Leather Archer Armor
30:37 Bodkin Arrow
31:04 Chain Barding Armor
31:02 Leather Archer Armor
32:39 Chemistry
32:10 Architecture
32:03 Conscription
31:53 Kshatriyas
32:40 Crop Rotation
32:48 Stone Shaft Mining
32:36 Husbandry
32:47 Bloodlines
32:41 Elite Skirmisher
33:29 Thumb Ring
34:01 Plate Barding Armor
33:28 Bracer
34:37 Iron Casting
34:03 Scale Mail Armor
34:58 Murder Holes
35:41 Hoardings
34:57 Light Cavalry
36:14 Chain Mail Armor
35:45 Elite Elephant Archer
37:39 Hussar
Connection lost

Rejoining the realm…

Still unreachable

The connection could not be restored.

Session expired

The server has moved on; the page needs a fresh start.